 Dungeon Crawl Stone Soup version 0.28-a0-1382-g92835e5c71 (webtiles) character file.

Game seed: 15171473033740509177

476 Sabo the Chiller (level 6, -2/44 HPs)
             Began as a Demonspawn Ice Elementalist on Jan 1, 2022.
             Was a Believer of Kikubaaqudgha.
             Slain by an iguana (5 damage)
             ... on level 5 of the Dungeon.
             The game lasted 00:31:19 (5296 turns).

Sabo the Chiller (Demonspawn Ice Elementalist)      Turns: 5296, Time: 00:31:21

Health: -2/44      AC:  8    Str:  8    XL:     6   Next: 85%
Magic:  7/12       EV: 12    Int: 24    God:    Kikubaaqudgha [**....]
Gold:   196        SH:  0    Dex: 14    Spells: 13/14 levels left

rFire   . . .      SeeInvis .   a - staff of air
rCold   . . .      Faith    .   (no shield)
rNeg    . . .      Spirit   .   u - +1 animal skin
rPois   .          Reflect  .   v - +1 helmet
rElec   +          Harm     .   (no cloak)
rCorr   .          Rampage  .   (no gloves)
Will    .....                   (no boots)
Stlth   ++........              (no amulet)
HPRegen 0.14/turn               p - +6 ring of intelligence
MPRegen 0.13/turn               (no ring)

@: no status effects
A: claws 2, thin metallic scales 2, powered by death 1
a: Renounce Religion, Receive Corpses


You were on level 5 of the Dungeon.
You worshipped Kikubaaqudgha.
Kikubaaqudgha was pleased with you.
You visited 1 branch of the dungeon, and saw 6 of its levels.

You collected 196 gold pieces.

Inventory:

Hand Weapons
 h - a +1 dagger of venom
 j - the +3 arbalest "Hydraslayer" {elec, rN+}
   (You found it on level 5 of the Dungeon)

   Any ammunition fired from it occasionally discharges a powerful burst of
   electricity upon striking a foe.
   rN:        It protects you from negative energy.
 m - a +0 hunting sling
 n - a +0 long sword
Missiles
 c - 89 stones
 d - 20 poisoned darts (quivered)
 o - 30 arrows
 r - 7 sling bullets
Armour
 t - a +0 robe of willpower
 u - a +1 animal skin (worn)
 v - a +1 helmet (worn)
Magical Staves
 a - a staff of air (weapon)
 q - a staff of death
Jewellery
 p - a +6 ring of intelligence (left claw)
Wands
 b - a wand of iceblast (4)
Scrolls
 e - a scroll of teleportation {unknown}
 f - a scroll of enchant armour {unknown}
 g - a scroll of fog
 k - a scroll of immolation {unknown}
Potions
 i - a potion of curing
 l - a potion of invisibility {unknown}
 s - a potion of haste


   Skills:
 + Level 2.2 Fighting
 + Level 0.6 Short Blades
 + Level 1.5 Staves
 + Level 2.7 Dodging
 + Level 2.2 Stealth
 + Level 4.5 Spellcasting
 + Level 4.7 Ice Magic


You had 13 spell levels left.
You knew the following spells:

 Your Spells              Type           Power      Damage    Failure   Level
a - Freeze                Ice            100%       1d11      1%          1

Your spell library contained the following spells:

 Spells                   Type           Power      Damage    Failure   Level
 Frozen Ramparts          Ice            56%        1d7       4%          3
 Ozocubu's Armour         Ice            28%        N/A       4%          3
 Pain                     Necr           20%        1d5       10%         1
 Corpse Rot               Necr/Air       16%        N/A       14%         2
 Sublimation of Blood     Necr           5%         N/A       14%         2
 Vampiric Draining        Necr           5%         2d6       28%         3
 Hailstorm                Conj/Ice       16%        3d6       34%         4


Dungeon Overview and Level Annotations

Branches:
Dungeon (6/15)
 Temple: D:4-7

Altars:
Dithmenos
Gozag
Kikubaaqudgha
Nemelex Xobeh

Shops:
D:1 =


Innate Abilities, Weirdness & Mutations

You have very sharp fingernails.
You are mostly covered in thin metallic scales. (AC +3)
You regenerate a little health from kills.


Message History

You hit the hound.
The hound is almost dead.
The hound bites you but does no damage. The hound barely misses you.
You hit the hound but do no damage.
The hound is almost dead.
The hound bites you but does no damage. The hound bites you.
The hound barely misses you.
Items here: )) [ †.
The hound bites you but does no damage. The hound bites you.
The iguana misses you.
You hit the iguana but do no damage. The hound closely misses you.
The iguana bites you. The hound misses you.
You hit the iguana but do no damage. The hound barely misses you.
The iguana bites you. The hound closely misses you.
You hit the iguana.
The iguana is lightly wounded.
The hound misses you. The orc hits you but does no damage.
The iguana bites you!
You hit the iguana but do no damage.
The iguana is lightly wounded.
The hound closely misses you. The orc hits you but does no damage.
The iguana barely misses you. The hound bites you but does no damage.
You hit the iguana.
The iguana is lightly wounded.
The hound barely misses you. The orc closely misses you.
The iguana barely misses you. The hound bites you but does no damage.
You barely miss the iguana.
The iguana is lightly wounded.
The orc misses you. The iguana bites you!
* * * LOW HITPOINT WARNING * * *
The hound barely misses you. The orc hits you but does no damage.
You closely miss the iguana.
The iguana is lightly wounded.
The hound bites you.
* * * LOW HITPOINT WARNING * * *
The iguana misses you. The hound barely misses you. The orc barely misses you.
The iguana bites you.
You die...
Kikubaaqudgha rasps: "You have failed me!
Welcome... death!"

...#.##.#.#
.......
###.#.
#.#.#
.......
......##.#
# .......
#..!.....#
.......
.........#
..###.#..#
###.#..#
#...ohO#
#.##@#)# #.
#l#)# #
..#O#
#....#
#.....
#....#
#...>#
...<..
##....#


You could see an ogre, an iguana, a hound and an orc.

Vanquished Creatures
  3 scorpions
  A howler monkey (D:5)
  An orc priest (D:5)
  A bullfrog skeleton (D:4)
  Jessica (D:3)
  An iguana (D:5)
  Terence (D:3)
  Robin (D:3)
  A gnoll (D:2)
  3 adders (D:2)
  An adder skeleton (D:2)
  3 dart slugs
  5 orcs
  5 ball pythons
  6 bats
  An endoplasm (D:3)
  A giant cockroach (D:1)
  9 goblins
  12 hobgoblins
  2 jackals (D:5)
  4 quokkas
  3 frilled lizards
  10 kobolds
  7 rats (D:1)
83 creatures vanquished.

Notes
Turn   | Place    | Note
-------+----------+-------------------------------------------
     0 | D:1      | Sabo the Demonspawn Ice Elementalist began the quest for
                  | the Orb.
     0 | D:1      | Reached XP level 1. HP: 13/13 MP: 3/3
   576 | D:1      | Found Geggaa's Jewellery Emporium.
   610 | D:1      | Gained mutation: You are partially covered in thin metallic
                  | scales. (AC +2) [demonic ancestry]
   610 | D:1      | Reached XP level 2. HP: 6/19 MP: 0/5
  1408 | D:1      | Found a faded altar of an unknown god.
  1431 | D:1      | Prayed at the altar of an unknown god.
  1431 | D:1      | Became a worshipper of Kikubaaqudgha
  1431 | D:1      | Reached * piety under Kikubaaqudgha
  1431 | D:1      | Received a gift from Kikubaaqudgha
  1780 | D:1      | Gained mutation: You regenerate a little health from kills.
                  | [demonic ancestry]
  1780 | D:1      | Reached XP level 3. HP: 24/24 MP: 4/6
  2641 | D:2      | Found a shadowy altar of Dithmenos.
  2723 | D:2      | Upgraded the game from 0.28-a0-1374-ga75cb3825e to
                  | 0.28-a0-1382-g92835e5c71
  2880 | D:2      | Gained mutation: You have sharp fingernails. [demonic
                  | ancestry]
  2880 | D:2      | Reached XP level 4. HP: 25/30 MP: 3/8
  3231 | D:3      | Noticed Jessica
  3273 | D:3      | Killed Jessica
  3462 | D:3      | Found a sparkling altar of Nemelex Xobeh.
  3674 | D:3      | Noticed Robin
  3675 | D:3      | Noticed Terence
  3705 | D:3      | Killed Terence
  3706 | D:3      | Gained mutation: You are mostly covered in thin metallic
                  | scales. (AC +3) [demonic ancestry]
  3706 | D:3      | Reached XP level 5. HP: 28/36 MP: 6/10
  4121 | D:3      | Killed Robin
  4210 | D:3      | Found an opulent altar of Gozag.
  4433 | D:3      | Reached ** piety under Kikubaaqudgha
  4605 | D:4      | Reached skill level 1 in Staves
  4647 | D:4      | HP: 1/36 [scorpion (5)]
  4650 | D:4      | Gained mutation: You have very sharp fingernails. [demonic
                  | ancestry]
  4650 | D:4      | Reached XP level 6. HP: 35/42 MP: 8/11
  4851 | D:4      | You fall into a shaft and drop 2 floors!
  4892 | D:6      | Noticed an orc warrior
  4898 | D:5      | Entered Level 5 of the Dungeon
  4956 | D:5      | Reached skill level 1 in Fighting
  5207 | D:5      | Identified the +3 arbalest "Hydraslayer" {elec, rN+}
  5296 | D:5      | Slain by an iguana

Illustrated notes

Levels and vault maps discovered:
D:1:      dpeg_arrival_ratfight, layout_basic,
          hellmonk_ecumenical_altar_arch_garden, serial_shops,
          nicolae_shop_hallway_plus, corexii_leaking_fountain,
          minmay_misc_feat_rugged, nrook_loot_triangle,
          kennysheep_decorative_pillar
D:2:      layout_loops_ring, basic_altar, minmay_fractal_squares_gapless_5
D:3:      layout_basic, mainiacjoe_overflow_paths,
          nicolae_overflow_crystal_walls, minmay_misc_feat_tiny, uniq_robin,
          uniq_terence, uniq_jessica
D:4:      gammafunk_cloud_chamber, layout_layer_cave, zin_statuary,
          uniq_crazy_yiuf_cottage, uniq_menkaure
D:5:      layout_basic, mainiacjoe_overflow_big_doors,
          mainiacjoe_overflow_alcove_3, temple_statues, minmay_starry_boxes
D:6:      minmay_skewed_foursquare, layout_basic, uniq_pikel, uniq_edmund

Skill      XL: |  1  2  3  4  5  6 |
---------------+-------------------+-----
Ice Magic      | 4 |  4.7
Stealth        | 2 |  2.2
Spellcasting   | 3 4 |  4.5
Dodging        | 2 |  2.7
Staves         | 1 |  1.5
Fighting       | 2 |  2.2
Short Blades   | |  0.6

Action                   |  1- 3 |  4- 6 || total
-------------------------+-------+-------++-------
Melee: Whip              |     6 |       ||     6
       Unarmed           |     5 |       ||     5
       Dagger            |    34 |    17 ||    51
       Staff             |       |   170 ||   170
Throw: Dart              |       |     1 ||     1
 Cast: Freeze            |    50 |    47 ||    97
Invok: Receive Corpses   |     1 |       ||     1
  Use: Potion            |       |     2 ||     2
       Scroll            |       |     3 ||     3
Armor: Robe              |    20 |    29 ||    49
       Animal skin       |       |    55 ||    55
Dodge: Dodged            |    51 |   139 ||   190

Table legend: (Time is in decaauts)
 A = Elapsed time spent in this place.
 B = Non-inter-level travel time spent in this place.
 C = Inter-level travel time spent in this place.
 D = Time resting spent in this place.
 E = Time spent auto-exploring this place.
 F = Levels seen in this place.
 G = Mean time per level.
                   A        B        C        D        E       F      G
               +--------+--------+--------+--------+--------+-----+--------+
         Total |   5320 |   5320 |      0 |   2227 |      0 |   6 |  886.7 |
       Dungeon |   5320 |   5320 |      0 |   2227 |      0 |   6 |  886.7 |
               +--------+--------+--------+--------+--------+-----+--------+

Top non-repeatable levels by time:
     D:1: 2023 daAuts
     D:3: 1399 daAuts
     D:2: 1137 daAuts
     D:5: 404 daAuts
     D:4: 308 daAuts
     D:6: 46 daAuts
